 Dungeon Crawl Stone Soup version 0.32-a0-616-g9348d4545b (webtiles) character file.

Game seed: 6656167843964199898

221 jlumianski the Grasshopper (level 5, 0/26 HPs)
             Began as a Spriggan Warper on Mar 6, 2024.
             Was a Believer of Zin.
             Slain by a scorpion (6 damage)
             ... on level 4 of the Dungeon.
             The game lasted 00:38:15 (4520 turns).

jlumianski the Grasshopper (Spriggan Warper)        Turns: 4520, Time: 00:38:16

Health: 0/26       AC:  3    Str:  8    XL:     5   Next: 65%
Magic:  11/11      EV: 20    Int: 17    God:    Zin [**....]
Gold:   124        SH:  0    Dex: 22    Spells: 9/11 levels left

rFire   . . .        a - +0 short sword
rCold   . . .        (no shield)
rNeg    . . .        b - +0 robe
rPois   ∞            (helmet restricted)
rElec   .            v - +0 cloak
rCorr   .            (gloves unavailable)
SInv    +            (boots unavailable)
Will    +....        i - amulet of magic regeneration
Stlth   +++          g - ring of willpower
HPRegen 0.24/turn    p - +6 ring of dexterity
MPRegen 0.52/turn

%: no passive effects
@: vitalised, very quick
A: very small, no large weapons, unfitting armour, see invisible, speed 3
a: Renounce Religion, Recite, Vitalisation, Donate Gold


You were on level 4 of the Dungeon.
You worshipped Zin.
Zin was pleased with you.
You visited 1 branch of the dungeon, and saw 5 of its levels.

You collected 174 gold pieces.
You donated 50 gold pieces to Zin.

Inventory:

Hand Weapons
 a - a +0 short sword (weapon)
 e - a +0 sling
Missiles
 d - 7 darts of dispersal
 h - 41 stones
 t - 3 poisoned darts (quivered)
Armour
 b - a +0 robe (worn)
 v - a +0 cloak (worn)
Jewellery
 g - a ring of willpower (left hand)
 i - an amulet of magic regeneration (around neck)
 p - a +6 ring of dexterity (right hand)
Scrolls
 f - 3 scrolls of teleportation {unknown}
 k - a scroll of poison {unknown}
 n - 2 scrolls of fog {unknown}
 q - a scroll of brand weapon {unknown}
 r - a scroll of immolation {unknown}
 u - a scroll of revelation {unknown}
Potions
 j - a potion of invisibility
 l - a potion of attraction
 m - a potion of berserk rage
 o - a potion of heal wounds
 s - a potion of resistance


   Skills:
 + Level 2.0 Fighting
 + Level 3.7 Short Blades
 + Level 1.0 Throwing
 + Level 4.4 Dodging
 * Level 3.7 Stealth
 * Level 3.5 Spellcasting
 * Level 5.3 Translocations
 + Level 0.1 Invocations


You had 9 spell levels left.
You knew the following spells:

 Your Spells              Type           Power      Damage    Failure   Level
a - Blink                 Tloc           42%        N/A       2%          2

Your spell library contained the following spells:

 Spells                   Type           Power      Damage    Failure   Level
 Lesser Beckoning         Tloc           42%        N/A       2%          2
 Teleport Other           Tloc           21%        N/A       5%          3
 Manifold Assault         Tloc           21%        N/A       19%         4
 Vhi's Electric Charge    Tloc/Air       24%        N/A       47%         4


Dungeon Overview and Level Annotations

Branches:
Dungeon (5/15)
 Temple: D:4-7

Altars:
Trog
Xom
Zin

Shops:
D:3 *

Annotations:
D:3 1 runed translucent door, Crazy Yiuf


Innate Abilities, Weirdness & Mutations

You are very small and have problems with some larger weapons.
You are too small for most types of armour.
You have supernaturally acute eyesight. (SInv)
You cover ground extremely quickly. (Speed+++)


Message History

Okay, then.
Unknown command.
Unknown command.
Okay, then.
Unknown command.
Zin grants you divine stamina. The scorpion barely misses you.
You hit the scorpion.
The scorpion is moderately wounded.
The scorpion stings you.
You hit the scorpion but do no damage.
The scorpion is moderately wounded.
The scorpion closely misses you.
You hit the scorpion.
The scorpion is moderately wounded.
The scorpion barely misses you.
You closely miss the scorpion.
The scorpion is moderately wounded.
The scorpion barely misses you.
You completely miss the scorpion.
The scorpion is moderately wounded.
The scorpion closely misses you.
You hit the scorpion.
The scorpion is heavily wounded.
The scorpion stings you.
You closely miss the scorpion.
The scorpion is moderately wounded.
The scorpion completely misses you.
You hit the scorpion but do no damage.
The scorpion is moderately wounded.
The scorpion stings you.
You hit the scorpion.
The scorpion is heavily wounded.
The scorpion stings you.
* * * LOW HITPOINT WARNING * * *
Your divine stamina protects you from poison!
You hit the scorpion.
The scorpion is severely wounded.
The scorpion stings you.
You die...

####'###....#+####.
#.....##.......# #.
#.....##.##....# #.
#........##....# #.
##..#########.## #.
#.## #.####. #>#
#....'. #.# ######.
#@# #. #s# #. #.#
#. #.# #. #.# #.
#)# #. ####'#### ##
#..........#
#..K.......#


You could see a scorpion.

Vanquished Creatures
  A black bear (D:2)
  An iguana (D:4)
  4 adders
  4 dart slugs
  An orc (D:3)
  3 bats
  3 endoplasms
  A giant cockroach (D:4)
  7 goblins
  5 hobgoblins
  11 jackals
  4 quokkas
  4 ball pythons
  2 frilled lizards (D:1)
  6 kobolds
  7 rats
64 creatures vanquished.

Notes
Turn   | Place    | Note
-------+----------+-------------------------------------------
     0 | D:1      | jlumianski the Spriggan Warper began the quest for the Orb.
     0 | D:1      | Reached XP level 1. HP: 10/10 MP: 5/5
   455 | D:1      | Reached skill level 1 in Stealth
   459 | D:1      | Reached XP level 2. HP: 13/15 MP: 6/6
   714 | D:1      | Learned a level 2 spell: Blink
  1108 | D:1      | Reached XP level 3. HP: 16/18 MP: 8/8
  1144 | D:1      | Found a faded altar of an unknown god.
  1689 | D:3      | Found Zin's Purification Station.
  1695 | D:3      | Found a glowing silver altar of Zin.
  2503 | D:3      | Became a worshipper of Zin the Law-Giver
  2527 | D:3      | Reached XP level 4. HP: 23/23 MP: 9/9
  2537 | D:3      | Donated 33 gold pieces to Zin
  2660 | D:3      | Found a runed translucent door.
  2661 | D:3      | Noticed Crazy Yiuf
  2977 | D:3      | Reached * piety under Zin
  3082 | D:3      | Reached skill level 5 in Translocations
  3294 | D:3      | Found a bloodstained altar of Trog.
  3294 | D:3      | Found a shimmering altar of Xom.
  3444 | D:4      | Noticed a black bear
  3698 | D:5      | Entered Level 5 of the Dungeon
  3896 | D:4      | Reached ** piety under Zin
  4052 | D:4      | Noticed a scorpion
  4222 | D:2      | Killed a black bear
  4223 | D:2      | Reached XP level 5. HP: 12/26 MP: 9/11
  4520 | D:4      | Slain by a scorpion

Illustrated notes

Levels and vault maps discovered:
D:1:      lemuel_arrival_cross, layout_basic, serial_forest,
          infiniplex_forest_clump_tiny, infiniplex_forest_straight_2,
          infiniplex_forest_lined_ring, infiniplex_forest_straight_4,
          infiniplex_forest_lined_corner, infiniplex_forest_zigzag_1,
          infiniplex_forest_clump_medium, infiniplex_forest_side_room,
          infiniplex_forest_clump_medium, shapermc_ecumenical_altar_flowoftime
D:2:      layout_loops_cross
D:3:      layout_rooms, gammafunk_temple_overflow_wave, zin_purify,
          kennysheep_path_1, grunt_ministairs_1, minmay_misc_feat_tower,
          uniq_crazy_yiuf_cottage
D:4:      layout_basic
D:5:      layout_gridville, minmay_bent

Skill      XL: |  1  2  3  4 |
---------------+-------------+-----
Stealth        | 1 2 3 |  3.7
Short Blades   | 3 |  3.7
Dodging        | 4 |  4.4
Spellcasting   | 3 |  3.5
Fighting       | 2 |  2.0
Translocations | 5 |  5.3
Throwing       | |  1.0
Invocations    | |  0.1

Action                     |  1- 3 |  4- 6 || total
---------------------------+-------+-------++-------
  Melee: Short sword       |   211 |   151 ||   362
  Throw: Dart              |       |     3 ||     3
   Cast: Blink             |       |     1 ||     1
 Invoke: Recite            |       |     1 ||     1
         Donate Gold       |       |     1 ||     1
         Vitalisation      |       |     1 ||     1
    Use: Scroll            |     2 |     2 ||     4
         Potion            |     1 |     1 ||     2
   Stab: Sleeping          |     3 |     4 ||     7
         Distracted        |     1 |     1 ||     2
 Armour: Robe              |    64 |    38 ||   102
  Dodge: Dodged            |   164 |   146 ||   310

Table legend: (Time is in decaauts)
 A = Elapsed time spent in this place.
 B = Non-inter-level travel time spent in this place.
 C = Inter-level travel time spent in this place.
 D = Time resting spent in this place.
 E = Time spent auto-exploring this place.
 F = Levels seen in this place.
 G = Mean time per level.
                   A        B        C        D        E       F      G
               +--------+--------+--------+--------+--------+-----+--------+
         Total |   3167 |   3129 |     38 |    562 |    970 |   5 |  633.4 |
       Dungeon |   3167 |   3129 |     38 |    562 |    970 |   5 |  633.4 |
               +--------+--------+--------+--------+--------+-----+--------+

Top non-repeatable levels by time:
     D:1: 1060 daAuts
     D:2: 918 daAuts
     D:3: 689 daAuts
     D:4: 478 daAuts
     D:5: 21 daAuts
